 Dungeon Crawl Stone Soup version 0.29.1-1-gd02db69 (webtiles) character file.

Game seed: 7399483432688691236

18066 SEAkua the Bludgeoner (level 13, 0/113 HPs)
             Began as a Meteoran Fighter on Apr 24, 2023.
             Was a High Priest of Nemelex Xobeh.
             Succumbed to a cane toad's poison
             ... on level 3 of the Lair of Beasts on Apr 25, 2023.
             The game lasted 01:29:46 (7184 turns).

SEAkua the Bludgeoner (Meteoran Fighter)            Turns: 7184, Time: 01:29:47

Health: 0/113      AC: 24    Str: 21    XL:     13   Next: 20%
Magic:  14/14      EV: 26    Int: 11    God:    Nemelex Xobeh [*****.]
Gold:   689        SH:  7    Dex: 15    Spells: 12/12 levels left

rFire   . . .      SeeInvis .   d - +4 flail
rCold   . . .      Faith    .   c - +0 buckler
rNeg    . . .      Spirit   .   K - +1 chain mail
rPois   .          Reflect  .   E - +2 hat
rElec   .          Harm     .   (no cloak)
rCorr   .          Rampage  .   N - +0 pair of gloves
Will    +....                   n - +2 pair of boots
Stlth   ..........              v - amulet of the acrobat
HPRegen 0.28/turn               k - +4 ring of protection
MPRegen 0.14/turn               p - ring of flight

@: mighty, lethally poisoned (0 -> -7), on berserk cooldown, acrobatic, flying,
slowed, glowing, very slow
A: sense surroundings 2, otherworldly, glowing, explore regen, deterioration 1
a: Renounce Religion, Draw Escape, Draw Destruction, Draw Summoning, Triple
Draw, Deal Four, Stack Five


You were on level 3 of the Lair of Beasts.
You worshipped Nemelex Xobeh.
Nemelex Xobeh was extremely pleased with you.
You visited 3 branches of the dungeon, and saw 15 of its levels.

You collected 689 gold pieces.

Inventory:

Hand Weapons
 d - a +4 flail (weapon)
 i - a +2 quarterstaff of chaos
 u - the +0 staff of Battle
   (You found it on level 10 of the Dungeon)

   It enhances your conjuration magic.
   It summons a battlesphere in combat, with strength depending on Conjurations
   skill.
   Its strikes trigger the battlesphere's blasts.
 C - a +0 vorpal flail
Armour
 b - a +0 scale mail
 c - a +0 buckler (worn)
 l - a +0 helmet
 n - a +2 pair of boots (worn)
 q - a +0 robe
 E - a +2 hat (worn)
 K - a +1 chain mail (worn)
 L - an orb of wrath
 N - a +0 pair of gloves (worn)
 R - a +1 barding
 S - +0 acid dragon scales
Jewellery
 k - a +4 ring of protection (left hand)
 p - a ring of flight (right hand)
 v - an amulet of the acrobat (around neck)
 y - a ring of positive energy
 A - a ring of magical power
 G - a +6 ring of dexterity
Wands
 H - a wand of polymorph (1)
 Q - a wand of roots (16)
 X - a wand of quicksilver (4)
 Z - a wand of paralysis (6)
Scrolls
 f - 4 scrolls of noise
 g - a scroll of silence {unknown}
 j - a scroll of poison
 m - 2 scrolls of identify
 r - a scroll of enchant weapon {unknown}
 s - a scroll of immolation {unknown}
 t - a scroll of magic mapping {unknown}
 z - 2 scrolls of teleportation
 B - 3 scrolls of fog {unknown}
 J - a scroll of brand weapon {unknown}
 M - a scroll of blinking {unknown}
 O - a scroll of vulnerability {unknown}
 W - a scroll of fear {unknown}
Potions
 a - a potion of ambrosia {unknown}
 e - 2 potions of brilliance
 o - a potion of resistance
 w - 2 potions of degeneration {unknown}
 x - 4 potions of flight
 F - 2 potions of attraction
 T - a potion of invisibility {unknown}
Miscellaneous
 h - a phial of floods


   Skills:
 + Level 10.1 Fighting
 + Level 15.0 Maces & Flails
 + Level 1.1 Throwing
 + Level 12.4 Armour
 + Level 7.6 Dodging
 + Level 1.1 Stealth
 + Level 10.2 Shields
 + Level 1.1 Unarmed Combat


You had 12 spell levels left.
You didn't know any spells.
Your spell library contained the following spells:

 Spells                   Type           Power      Damage    Failure   Level
 Apportation              Tloc           0%         N/A       94%         1
 Freeze                   Ice            0%         1d3       94%         1
 Necrotise                Necr           0%         1d4       94%         1
 Sandblast                Erth           0%         2d4       94%         1
 Summon Small Mammal      Summ           0%         N/A       94%         1
 Passwall                 Tmut/Erth      0%         N/A       98%         2
 Scorch                   Fire           0%         2d5       98%         2
 Frozen Ramparts          Ice            0%         1d1       100%        3
 Stone Arrow              Conj/Erth      0%         3d7       100%        3
 Vampiric Draining        Necr           0%         2d6       100%        3
 Corpse Rot               Necr/Pois/Air  0%         N/A       100%        4
 Dispel Undead            Necr           0%         3d6       100%        4
 Flame Wave               Conj/Fire      0%         2d4       100%        4
 Hailstorm                Conj/Ice       0%         3d3       100%        4
 Agony                    Necr           0%         N/A       100%        5
 Summon Forest            Summ/Tloc      0%         N/A       100%        5
 Death Channel            Necr           0%         N/A       100%        6
 Eringya's Noxious Bog    Tmut/Pois      0%         N/A       100%        6
 Summon Cactus Giant      Summ           0%         N/A       100%        6
 Summon Hydra             Summ           0%         N/A       100%        7
 Borgnjor's Revivificati  Necr           0%         N/A       100%        8
 Necromutation            Tmut/Necr      0%         N/A       100%        8
 Death's Door             Necr           0%         N/A       100%        9


Dungeon Overview and Level Annotations

Branches:
Dungeon (11/15) Zot: 935   Temple (1/1) D:7 Zot: 543    Lair (3/5) D:11 Zot: 353
  Swamp (0/4) Lair:3        Snake (0/4) Lair:3
    Orc: D:9-12

Altars:
Ashenzari
Cheibriados
Fedhas
Hepliaklqana
Nemelex Xobeh
Okawaru
Qazlal
Ru
Sif Muna
Wu Jian
Xom
Zin


Innate Abilities, Weirdness & Mutations

You passively map the area around you.
You are easily found by Zot.
You glow in the dark.
You regain HP and MP as you explore.
Your body sometimes deteriorates upon taking damage.


Message History

A foxfire comes into view.
You barely miss the blink frog.
* * * LOW HITPOINT WARNING * * *
You feel sick.
A foxfire comes into view.
Your hellwing hits the blink frog. x2; You block the blink frog's attack.
The foxfire moves out of view.
You hit the blink frog.
The blink frog is lightly wounded.
* * * LOW HITPOINT WARNING * * *
You feel very sick.
The blink frog blinks!
The will-o-the-wisp blinks!
You thump the blink frog!
The blink frog is almost dead.
* * * LOW HITPOINT WARNING * * *
You feel sick.
The blink frog hits you but does no damage.
Your hellwing hits the blink frog!
The blink frog dies!
* * * LOW HITPOINT WARNING * * *
You feel sick.
A nearby plant withers and dies.
You see here a bullfrog corpse.
You closely miss the blink frog.
The blink frog is lightly wounded.
* * * LOW HITPOINT WARNING * * *
You feel sick.
Your hellwing completely misses the blink frog.
Your hellwing closely misses the blink frog.
The blink frog blinks!
You are too berserk!
* * * LOW HITPOINT WARNING * * *
You feel sick.
The blink frog blinks!
You feel a strong urge to attack something.
* * * LOW HITPOINT WARNING * * *
You feel sick. The blink frog misses your hellwing.
You are no longer berserk.
You are exhausted.
You feel yourself slow down.
You die...
Your body glows slightly brighter and disappears.

*. ...,, , , ,
, ,* .....,,
......,.. ,, *
*.#P. .......#
§§§§,, #...,,
, , .......#
.§.§§ *
#.#+####,
.......# §§~§§
,* .....#.#
.....##§...§§,
, ......#
,..#..#§.....
,* #.....#
#...F......,,
* #.⌠...#
#@§4#§§.... ,
, * ......#
#....#, , ,
....#.# ##..##
* * , ...#.##
##.P# .#.###
## #...### *
.....## ##.#
#P..#.#####
###...##.⌠.##
##.......P####
....†.#......*
#...........#
..⌠......>.⌠.
##..........#


You could see a blink frog (ally target) and a friendly hellwing (summoned).

Vanquished Creatures
  2 hydras (Lair:3)
  A sixfirhy (D:9)
  A rust devil (D:9)
  6 cane toads
  2 black mambas
  A rime drake (Lair:1)
  4 komodo dragons
  An orange demon (D:9)
  A kobold demonologist (D:10)
  A yaktaur (Lair:2)
  An ice devil (D:9)
  2 tengu conjurers (D:10)
  A red devil (D:9)
  Grinder (D:4)
  Prince Ribbit (D:7)
  3 wyverns
  8 yaks
  2 basilisks (Lair:1)
  A chaos spawn (D:9)
  2 steam dragons
  An acid dragon (D:8)
  12 water moccasins
  3 orc warriors
  3 ice beasts
  3 black bears
  8 wolves
  A centaur (D:5)
  3 ogres
  2 phantoms
  Blork the orc (D:4)
  4 kobold brigands
  7 bullfrogs
  3 scorpions
  8 wights
  11 killer bees
  5 electric eels
  A jelly (D:4)
  Crazy Yiuf (D:4)
  7 orc priests
  A gnoll bouda (D:5)
  4 hounds
  Ijyb (D:4)
  10 orc wizards
  Robin (D:4)
  8 gnolls
  10 adders
  2 shadow imps (D:6)
  2 white imps
  A dart slug (D:5)
  35 orcs
  7 endoplasms
  5 giant cockroaches
  12 goblins (D:4)
  8 hobgoblins
  A jackal (D:2)
  A quokka (D:5)
  5 ball pythons
  6 bats
  3 frilled lizards
  18 kobolds
  2 rats (D:3)
269 creatures vanquished.

Vanquished Creatures (collateral kills)
  A lindwurm (Lair:2)
  A blink frog (Lair:3)
  An orc warrior (D:7)
  A wolf (Lair:2)
  A centaur (D:8)
  2 bullfrogs
  2 wights (D:8)
  3 killer bees (D:8)
  2 howler monkeys (D:8)
  An orc priest (D:7)
  2 orc wizards
  2 worms (D:2)
  5 orcs
  2 endoplasms (D:2)
  A hobgoblin (D:2)
  A jackal (D:2)
  A quokka (D:2)
  A kobold (D:2)
30 creatures vanquished.

Vanquished Creatures (others)
  15 demonic plants (D:9)
  12 foxfires (Lair:3)
  5 fungi (Lair:3)
  2 plants (Lair:3)
34 creatures vanquished.

Grand Total: 333 creatures vanquished

Notes
Turn   | Place    | Note
-------+----------+-------------------------------------------
     0 | D:1      | SEAkua the Meteoran Fighter began the quest for the Orb.
     0 | D:1      | Reached XP level 1. HP: 19/19 MP: 2/2
   117 | D:1      | Reached XP level 2. HP: 26/26 MP: 3/3
   269 | D:1      | Found a faded altar of an unknown god.
   273 | D:1      | Prayed at the altar of an unknown god.
   273 | D:1      | Became a worshipper of Nemelex Xobeh the Trickster
   273 | D:1      | Reached * piety under Nemelex Xobeh
   348 | D:2      | Received a gift from Nemelex Xobeh
   374 | D:2      | Reached XP level 3. HP: 24/31 MP: 4/4
   382 | D:2      | Reached skill level 3 in Maces & Flails
   386 | D:2      | Found a snail-covered altar of Cheibriados.
   409 | D:2      | Reached XP level 4. HP: 14/38 MP: 5/5
  1087 | D:3      | Reached skill level 1 in Dodging
  1087 | D:3      | Reached XP level 5. HP: 44/45 MP: 6/6
  1186 | D:3      | Reached skill level 4 in Maces & Flails
  1201 | D:3      | Reached ** piety under Nemelex Xobeh
  1449 | D:4      | Noticed a phantom
  1463 | D:4      | Killed a phantom
  1464 | D:4      | Reached skill level 5 in Maces & Flails
  1464 | D:4      | Reached skill level 5 in Armour
  1464 | D:4      | Reached XP level 6. HP: 52/52 MP: 7/7
  1493 | D:4      | Gained mutation: You occasionally lose the ability to read
                  | scrolls when taking damage. [potion of mutation]
  1493 | D:4      | Gained mutation: You have a pair of small antennae on your
                  | head. [potion of mutation]
  1493 | D:4      | Gained mutation: You have supernaturally acute eyesight.
                  | (SInv) [potion of mutation]
  1512 | D:4      | Found a shimmering blue altar of Sif Muna.
  1704 | D:4      | Noticed Grinder
  1721 | D:4      | Killed Grinder
  1722 | D:4      | Reached skill level 6 in Maces & Flails
  1722 | D:4      | Reached XP level 7. HP: 33/59 MP: 8/8
  1808 | D:4      | Found a runed translucent door.
  1809 | D:4      | Noticed Crazy Yiuf
  1820 | D:4      | Killed Crazy Yiuf
  1825 | D:4      | Identified the +2 hammer of the Sugar Beet {vorpal, Stlth+}
  1919 | D:4      | Reached skill level 7 in Maces & Flails
  1940 | D:4      | Reached XP level 8. HP: 61/67 MP: 9/9
  1950 | D:4      | Reached skill level 5 in Shields
  1987 | D:4      | Reached skill level 8 in Maces & Flails
  2082 | D:4      | Noticed Ijyb
  2095 | D:4      | Killed Ijyb
  2109 | D:4      | Noticed Robin
  2142 | D:4      | Killed Robin
  2178 | D:4      | Noticed Blork the orc
  2200 | D:4      | Killed Blork the orc
  2201 | D:4      | Gained mutation: You passively map the area around you.
                  | [Meteoran growth]
  2201 | D:4      | Reached XP level 9. HP: 35/72 MP: 10/10
  2236 | D:4      | Glimpsed the power of Zot.
  2239 | D:5      | Entered Level 5 of the Dungeon
  2395 | D:5      | Reached skill level 9 in Maces & Flails
  2407 | D:5      | Reached skill level 1 in Unarmed Combat
  2468 | D:5      | Reached skill level 5 in Fighting
  2525 | D:5      | Reached *** piety under Nemelex Xobeh
  2665 | D:5      | Received a gift from Nemelex Xobeh
  2669 | D:5      | Found a hazy altar of Hepliaklqana.
  2832 | D:5      | Glimpsed the power of Zot.
  2976 | D:6      | Reached skill level 10 in Maces & Flails
  3110 | D:6      | Found an ornate altar of the Wu Jian Council.
  3139 | D:6      | Reached XP level 10. HP: 27/83 MP: 11/11
  3157 | D:6      | Reached skill level 5 in Dodging
  3292 | D:6      | Received a gift from Nemelex Xobeh
  3377 | D:7      | Reached skill level 11 in Maces & Flails
  3663 | D:7      | Reached **** piety under Nemelex Xobeh
  3704 | D:7      | Noticed Prince Ribbit
  3740 | D:7      | Killed Prince Ribbit
  3793 | D:7      | Found a staircase to the Ecumenical Temple.
  3804 | Temple   | Entered the Ecumenical Temple
  4232 | D:8      | Reached skill level 12 in Maces & Flails
  4265 | D:8      | Received a gift from Nemelex Xobeh
  4441 | D:8      | Identified the +2 leather armour "Coherghio" {rC++ rN+
                  | Slay+4}
  4448 | D:8      | Reached XP level 11. HP: 74/91 MP: 12/12
  4580 | D:9      | Noticed a rust devil
  4604 | D:9      | Noticed a sixfirhy
  4604 | D:9      | Noticed a rust devil
  4622 | D:9      | Killed a sixfirhy
  4623 | D:9      | Reached skill level 10 in Armour
  4624 | D:9      | Killed a rust devil
  4919 | D:9      | Reached skill level 13 in Maces & Flails
  4942 | D:9      | Noticed a two-headed ogre
  4958 | D:9      | Noticed a sun demon
  5008 | D:10     | Entered Level 10 of the Dungeon
  5070 | D:10     | Noticed a sixfirhy
  5129 | D:10     | Found an iron altar of Okawaru.
  5161 | D:10     | Reached ***** piety under Nemelex Xobeh
  5161 | D:10     | Received a gift from Nemelex Xobeh
  5280 | D:10     | Reached skill level 1 in Stealth
  5280 | D:10     | Found the +0 staff of Battle
  5421 | D:10     | Lost mutation: You have supernaturally acute eyesight.
                  | (SInv) [potion of mutation]
  5421 | D:10     | Lost mutation: You have a pair of small antennae on your
                  | head. [potion of mutation]
  5421 | D:10     | Gained mutation: Your mind is acute. (Int +4, Str/Dex -1)
                  | [potion of mutation]
  5421 | D:10     | Gained mutation: You are covered in fur. (AC +1) [potion of
                  | mutation]
  5652 | D:11     | Found a staircase to the Lair.
  5657 | Lair:1   | Entered Level 1 of the Lair of Beasts
  5666 | Lair:1   | Reached XP level 12. HP: 102/102 MP: 13/13
  5768 | Lair:1   | Reached skill level 14 in Maces & Flails
  6120 | Lair:2   | Received a gift from Nemelex Xobeh
  6131 | Lair:2   | Reached skill level 1 in Throwing
  6254 | Lair:2   | Identified the +2 long sword "Lifebane" {vorpal, rC+ Str-5
                  | Dex+3}
  6364 | Lair:2   | Noticed a death yak
  6365 | Lair:2   | Noticed a death yak
  6365 | Lair:2   | Noticed a death yak
  6367 | Lair:2   | Noticed an entropy weaver
  6367 | Lair:2   | a death yak changed into an entropy weaver
  6367 | Lair:2   | Noticed an emperor scorpion
  6367 | Lair:2   | a death yak changed into an emperor scorpion
  6371 | Lair:2   | Noticed an eight-headed hydra
  6371 | Lair:2   | a death yak changed into an eight-headed hydra
  6371 | Lair:2   | Noticed a lindwurm
  6371 | Lair:2   | an emperor scorpion changed into a lindwurm
  6371 | Lair:2   | an entropy weaver changed into a yaktaur
  6383 | Lair:2   | Killed a lindwurm
  6392 | Lair:2   | an eight-headed hydra changed into a komodo dragon
  6667 | Lair:3   | Received a gift from Nemelex Xobeh
  6800 | Lair:3   | Found a staircase to the Snake Pit.
  6873 | Lair:3   | Received a gift from Nemelex Xobeh
  6907 | Lair:3   | Reached XP level 13. HP: 83/112 MP: 14/14
  6912 | Lair:3   | Lost mutation: Your mind is acute. (Int +4, Str/Dex -1)
                  | [potion of mutation]
  6912 | Lair:3   | Lost mutation: You are covered in fur. (AC +1) [potion of
                  | mutation]
  6912 | Lair:3   | Lost mutation: You occasionally lose the ability to read
                  | scrolls when taking damage. [potion of mutation]
  6912 | Lair:3   | Gained mutation: You are weak. (Str -2) [potion of
                  | mutation]
  6913 | Lair:3   | Lost mutation: You are weak. (Str -2) [potion of mutation]
  6913 | Lair:3   | Gained mutation: Your body sometimes deteriorates upon
                  | taking damage. [potion of mutation]
  6961 | Lair:3   | Noticed a four-headed hydra
  6970 | Lair:3   | Killed a four-headed hydra
  6971 | Lair:3   | Reached skill level 15 in Maces & Flails
  6979 | Lair:3   | Reached skill level 10 in Shields
  7155 | Lair:3   | Found a staircase to the Swamp.
  7156 | Lair:3   | Noticed a seven-headed hydra
  7175 | Lair:3   | Killed a seven-headed hydra
  7176 | Lair:3   | Reached skill level 10 in Fighting
  7179 | Lair:3   | HP: 8/169 [poisoned by a cane toad]
  7182 | Lair:3   | HP: 3/169 [poisoned by a cane toad]
  7184 | Lair:3   | Succumbed to a cane toad's poison

Illustrated notes

Levels and vault maps discovered:
D:1:      psy_arrival_conway, layout_rooms,
          chequers_ecumenical_altar_simple_redux, kennysheep_minor_cross
D:2:      layout_basic, basic_altar
D:3:      layout_basic, nrook_loot_triangle
D:4:      minmay_recursive_quarters, layout_basic, amcnicky_altar_gilded,
          uniq_blork_the_orc, uniq_grinder, uniq_crazy_yiuf_cottage, uniq_robin,
          uniq_ijyb
D:5:      layout_gridville, old_standard_altar, minmay_misc_feat_alley,
          uniq_sigmund
D:6:      layout_rooms, nicolae_wu_jian_wuxing_cycle
D:7:      layout_basic, minmay_temple_entry_water_ring, uniq_prince_ribbit1
D:8:      layout_basic, hangedman_minor_gate_pass
D:9:      layout_long_grid, serial_demonic, serial_demonic_e, serial_demonic_f,
          serial_demonic_b, serial_demonic_b, serial_demonic_g,
          serial_demonic_c, serial_demonic_d
D:10:     layout_rooms, mainiacjoe_overflow_alcove_2,
          hellmonk_guarded_unrand_staff_of_battle
D:11:     layout_loops_cross, lair_entry_dummy, gauntlet_entry_generic,
          uniq_fannar, uniq_maurice, uniq_psyche
Temple:   compressed_dpeg_circular_temple
Lair:1:   layout_long_grid, disabler_island
Lair:2:   layout_gridlike, grunt_forest_small_clearing_treed,
          serial_bayou_shore_b
Lair:3:   layout_cave_pods, minmay_swamp_entry_wisps, dummy_snake_entry,
          serial_bayou_shore_b, grunt_megastairs_1

Skill      XL: |  1  2  3  4  5  6  7  8  9 10 11 12 13 |
---------------+----------------------------------------+-----
Shields        | 4 5 6 8 9 10 | 10.2
Armour         | 4 5 6 7 9 11 12 | 12.4
Maces & Flails | 3 5 6 7 8 10 12 13 14 15 | 15.0
Dodging        | 1 2 3 4 5 6 7 |  7.6
Fighting       | 4 5 7 8 9 10 | 10.1
Unarmed Combat | 1 |  1.1
Stealth        | 1 |  1.1
Throwing       | 1 |  1.1

Action                   |  1- 3 |  4- 6 |  7- 9 | 10-12 | 13-15 || total
-------------------------+-------+-------+-------+-------+-------++-------
Melee: Flail             |    55 |   165 |   345 |   558 |    29 ||  1152
       Unarmed           |       |       |    10 |       |       ||    10
Throw: Dart              |       |     3 |       |     3 |       ||     6
Invok: Draw Destruction  |     4 |       |       |    26 |     1 ||    31
       Draw Summoning    |     2 |     1 |       |     6 |     1 ||    10
       Draw Escape       |       |       |     1 |     6 |       ||     7
  Use: Scroll            |     2 |     3 |     6 |     8 |     1 ||    20
       Potion            |       |     1 |     6 |    12 |     4 ||    23
Armor: Scale mail        |    66 |   143 |   180 |       |       ||   389
       Skin              |       |       |     4 |       |       ||     4
       Chain mail        |       |       |   162 |   584 |    24 ||   770
Dodge: Dodged            |    39 |   116 |   319 |   469 |    28 ||   971
Block: Buckler           |    20 |    46 |   108 |   274 |    21 ||   469
